 Dungeon Crawl Stone Soup version 0.20.0-10-g0535bb4 (webtiles) character file.

1533 McKennaii the Slasher (level 8, -2/61 HPs)
             Began as a Demonspawn Fighter on June 5, 2017.
             Slain by a slave (6 damage)
             ... led by Pikel
             ... on level 6 of the Dungeon.
             The game lasted 00:09:16 (5599 turns).

McKennaii the Slasher (Demonspawn Fighter)          Turns: 5599, Time: 00:09:18

Health: -2/61      AC: 12    Str: 18    XL:     8   Next: 55%
Magic:  8/8        EV:  6    Int: 10    God:
Gold:   309        SH: 10    Dex: 13    Spells: 7/7 levels left

rFire    . . .     SeeInvis .   a - +0 long sword
rCold    . . .     Gourm    .   c - +0 shield
rNeg     . . .     Faith    .   t - +0 chain mail
rPois    .         Spirit   .   (no helmet)
rElec    .         Reflect  .   (no cloak)
rCorr    .         Harm     .   (no gloves)
MR       .....                  (no boots)
Stlth    ..........             (no amulet)
Regen    0.2/turn               (no ring)
MPRegen  0.2/turn               (no ring)

@: no status effects
A: hooves 2, thin metallic scales 2, powered by death 1, augmentation 1
a: no special abilities


You were on level 6 of the Dungeon.
You were hungry.

You visited 1 branch of the dungeon, and saw 6 of its levels.

You collected 309 gold pieces.

Inventory:

Hand Weapons
 a - a +0 long sword (weapon)
Armour
 c - a +0 shield (worn)
 t - a +0 chain mail (worn)
Scrolls
 g - 3 scrolls of recharging {unknown}
 h - 3 scrolls of random uselessness {unknown}
 i - 2 scrolls of fog {unknown}
 k - 2 scrolls of noise {unknown}
 m - 9 scrolls of identify {unknown}
 n - 4 scrolls of remove curse {unknown}
 q - a scroll of magic mapping {unknown}
 s - a scroll of teleportation {unknown}
 v - a scroll of immolation {unknown}
Potions
 b - a potion of flight {unknown}
 d - 3 potions of might
 e - 2 potions of heal wounds
 j - 3 potions of curing {unknown}
 l - a potion of mutation {unknown}
 o - a potion of haste {unknown}
 p - a potion of agility
 r - a potion of cancellation {unknown}
 u - 2 potions of lignification {unknown}
Comestibles
 f - 2 bread rations
 w - a royal jelly


   Skills:
 + Level 4.8 Fighting
 + Level 5.9 Long Blades
 + Level 5.3 Armour
 + Level 2.1 Dodging
 + Level 0.2 Stealth
 + Level 5.4 Shields


You had 7 spell levels left.
You didn't know any spells.

Dungeon Overview and Level Annotations

Branches:
Dungeon (6/15)
 Temple: D:4-7

Altars:
The Shining One

Annotations:
D:6 Pikel


Innate Abilities, Weirdness & Mutations

You have hoof-like feet.
You are mostly covered in thin metallic scales. (AC +3)
You regenerate a little health from kills.
Your magical and physical power is slightly enhanced at high health.


Message History

You closely miss Pikel. Your kick misses Pikel.
Pikel is almost dead.
You block Pikel's attack. The slave closely misses you. The slave hits you.
* * * LOW HITPOINT WARNING * * *
The orc hits you but does no damage.
Unknown command.
You closely miss Pikel.
Pikel is almost dead.
You block Pikel's attack. The slave hits you.
* * * LOW HITPOINT WARNING * * *
You block the slave's attack. The orc hits you but does no damage.
Pikel barely misses you.
You riposte.
You miss Pikel.
Pikel is almost dead.
You closely miss Pikel. Your kick misses Pikel.
Pikel is almost dead.
The slave hits you.
* * * LOW HITPOINT WARNING * * *
The slave barely misses you. The orc barely misses you.
You block Pikel's attack. The slave hits you.
You die...

# # ## ###.#.#
#. p.....#
######o#po..###
.......@Kpo....
.......#p######
....... ...
....... .###
####### .# .#
.# ##


You could see Pikel, 4 slaves and 3 orcs.

Vanquished Creatures
  The ghost of McKennaii the Shield-Bearer, a novice DsFi (D:5)
  The ghost of siprus the Pure, an amateur DsAK of Lugonu (D:4)
  A sky beast (D:5)
  2 ogres
  A phantom (D:5)
  The ghost of McKennaii the Shield-Bearer, an amateur DsFi (D:3)
  A centaur (D:5)
  A crocodile (D:4)
  A bullfrog zombie (D:5)
  A hound (D:4)
  4 orc wizards
  2 orc priests (D:3)
  A centaur skeleton (D:4)
  3 worker ants
  A killer bee zombie (D:5)
  A hound skeleton (D:4)
  6 adders
  An ooze (D:3)
  A worm (D:2)
  3 dart slugs (D:1)
  2 leopard geckos
  20 orcs
  6 bats
  3 giant cockroaches
  4 goblins
  4 hobgoblins
  2 jackals (D:4)
  5 kobolds
  A quokka (D:4)
  4 frilled lizards
  A giant cockroach zombie (D:6)
  9 rats
95 creatures vanquished.

Notes
Turn   | Place    | Note
-------+----------+-------------------------------------------
     0 | D:1      | McKennaii the Demonspawn Fighter began the quest for the Orb.
     0 | D:1      | Reached XP level 1. HP: 18/18 MP: 1/1
   101 | D:1      | Gained mutation: You regenerate a little health from kills. [demonic ancestry]
   101 | D:1      | Reached XP level 2. HP: 20/24 MP: 2/2
   920 | D:2      | Gained mutation: You have large cloven feet. [demonic ancestry]
   920 | D:2      | Reached XP level 3. HP: 26/29 MP: 3/3
  1697 | D:3      | Gained mutation: You have hoof-like feet. [demonic ancestry]
  1697 | D:3      | Reached XP level 4. HP: 11/36 MP: 4/4
  1805 | D:3      | Reached skill level 1 in Dodging
  1805 | D:3      | Gained mutation: You are partially covered in thin metallic scales. (AC +2) [demonic ancestry]
  1805 | D:3      | Reached XP level 5. HP: 16/42 MP: 5/5
  1822 | D:3      | Noticed McKennaii's ghost (amateur DsFi)
  2493 | D:3      | Found a glowing golden altar of the Shining One.
  2735 | D:3      | HP: 1/42 [McKennaii's ghost (7)]
  2738 | D:3      | Killed McKennaii's ghost
  2738 | D:3      | Gained mutation: You are mostly covered in thin metallic scales. (AC +3) [demonic ancestry]
  2738 | D:3      | Reached XP level 6. HP: 2/48 MP: 6/6
  3358 | D:4      | Noticed siprus's ghost (amateur DsAK)
  3863 | D:3      | Gained mutation: Your magical and physical power is slightly enhanced at high health. [demonic ancestry]
  3863 | D:3      | Reached XP level 7. HP: 36/54 MP: 7/7
  4112 | D:4      | Killed siprus's ghost
  4416 | D:5      | Entered Level 5 of the Dungeon
  4427 | D:5      | Noticed McKennaii's ghost (novice DsFi)
  4431 | D:5      | Reached skill level 5 in Shields
  4472 | D:5      | Killed McKennaii's ghost
  4472 | D:5      | Reached skill level 5 in Long Blades
  4472 | D:5      | Reached XP level 8. HP: 10/61 MP: 8/8
  4793 | D:5      | Reached skill level 5 in Armour
  5578 | D:6      | Noticed Pikel
  5599 | D:6      | Slain by a slave

Skill      XL: |  1  2  3  4  5  6  7  8 |
---------------+-------------------------+-----
Shields        | 3 4 5 |  5.4
Armour         | 3 4 5 |  5.3
Long Blades    | 2 3 5 |  5.9
Dodging        | 1 2 |  2.1
Fighting       | 4 |  4.8
Stealth        | |  0.2

Action                   |  1- 3 |  4- 6 |  7- 9 || total
-------------------------+-------+-------+-------++-------
Melee: Long sword        |   114 |   281 |   164 ||   559
       Kick              |     9 |    88 |    61 ||   158
  Use: Potion            |       |     3 |       ||     3
  Eat: Chunk             |     2 |     4 |     1 ||     7
       Bread ration      |       |     1 |     1 ||     2
Armor: Scale mail        |    47 |    33 |       ||    80
       Chain mail        |       |   124 |   112 ||   236
Dodge: Dodged            |    34 |    75 |    46 ||   155
Block: Shield            |    55 |   180 |    87 ||   322
       Rpst.: Long sword |     9 |    26 |    13 ||    48
